 Dungeon Crawl Stone Soup version 0.14-a0-1570-g671a4b6 (webtiles) character file.

9513 M4edhros the Nimble (level 11, -5/67 HPs)
             Began as an Octopode Chaos Knight on Dec 19, 2013.
             Was a Plaything of Xom.
             Killed by divine providence
             ... invoked by an orc priest
              (12 damage)
             ... on Level 11 of the Dungeon on Dec 21, 2013.
             The game lasted 00:59:27 (11381 turns).

M4edhros the Nimble (Octopode Chaos Knight)        Turns: 11381, Time: 00:59:28

HP  -5/67        AC  2     Str 12      XL: 11   Next: 36%
MP  20/20        EV 33     Int 20      God: Xom
Gold 704         SH  0     Dex 15      Spells:  1 memorised,  7 levels left

rFire  . . .     SeeInvis .     h - melded +2,+3 orc halberd
rCold  . . .     Clarity  .     (shield currently unavailable)
rNeg   . . .     Conserve .     (helmet currently unavailable)
rPois  x         rCorr    .     L - amulet of the gourmand
rElec  .         rRot     .     o - +3 ring of evasion
SustAb . .       Spirit   .     t - +2 ring of evasion
rMut   .         Warding  .     s - ring of magical power
Gourm  +         Stasis   .     (no ring)
                                (no ring)
                                (no ring)
                                (no ring)
                                (no ring)

@: spider-form, about to teleport, quick, quite resistant to hostile
enchantments, unstealthy
A: almost no armour, amphibious, 8 rings, (constrict 8), (spike 0), rough black
scales 1, (camouflage 0), blink 1, clever 1, herbivore 1, magic resistance 1,
wild magic 2, (gelatinous body 0), evolution 1
a: End Transformation, Blink, Renounce Religion


You were on level 11 of the Dungeon.
You worshipped Xom.
You were a toy of Xom.
You were not hungry.
You were in spider-form.
You visited 1 branch of the dungeon, and saw 11 of its levels.

You collected 704 gold pieces.

Inventory:

Hand weapons
 a - a cursed +0,+0 spear of chaos
 b - a +4,+0 spear of venom
 h - a +2,+3 orcish halberd (melded)
 m - the +8,+8 flail of Pride {elec, rF+}
   (You found it on level 4 of the Dungeon)

   Occasionally, upon striking a foe, it will discharge some electrical energy
   and cause terrible harm.
   It protects you from fire.
 D - a +0,+4 spear of piercing
Magical devices
 d - a wand of flame (3)
 r - a wand of cold (0)
 w - a wand of lightning (0)
 y - a wand of confusion (4)
 K - a wand of disintegration (8)
 Q - a wand of polymorph (13) {unknown}
Comestibles
 c - 3 bread rations
 f - 8 meat rations
 n - 10 cheeses
 q - a pear
 u - 2 rambutans
 v - 3 chokos
 C - a slice of pizza
 I - a lychee
Scrolls
 e - a scroll of recharging
 g - 2 scrolls of enchant weapon II
 x - 5 scrolls of remove curse
 E - a scroll of enchant armour {unknown}
 F - a scroll of holy word
 J - a scroll of immolation {unknown}
 M - a scroll of blinking
 N - a scroll of teleportation
 O - a scroll of silence {unknown}
 P - a scroll of torment {unknown}
 R - a scroll of identify
Jewellery
 o - a +3 ring of evasion (left front leg)
 s - a ring of magical power (on tentacle)
 t - a +2 ring of evasion (right front leg)
 L - an amulet of the gourmand (around neck)
Potions
 i - a potion of paralysis
 l - 4 potions of restore abilities
 A - a potion of flight {unknown}
 B - a potion of magic
 G - 2 potions of degeneration
 H - 3 potions of confusion
Books
 k - a book of Changes

   Spells                             Type                      Level
   Beastly Appendage                  Transmutation                1
   Sticks to Snakes                   Transmutation                2
   *Spider Form                       Transmutation/Poison         3
   Ice Form                           Ice/Transmutation            4
   Blade Hands                        Transmutation                5
 z - the Tome of Beguiling
   (You found it on level 8 of the Dungeon)

   Spells                             Type                      Level
   Cause Fear                         Hexes                        4
   Enslavement                        Hexes                        4
   Mass Confusion                     Hexes                        6
Miscellaneous
 j - a lantern of shadows
 p - a lantern of shadows (quivered)


   Skills:
 - Level 3.0 Fighting
 - Level 10.1 Polearms
 - Level 10.4 Dodging
 + Level 4.9 Unarmed Combat
 + Level 6.6 Transmutations
 - Level 7.2 Poison Magic


You had 7 spell levels left.
You knew the following spells:

 Your Spells              Type           Power        Failure   Level  Hunger
a - Spider Form           Trmt/Pois      ######....   41%         3    ####...


Dungeon Overview and Level Annotations

Branches:
Dungeon (11/16)            Temple (0/1) D:7             Orc (0/4) D:9
   Lair (0/8) D:11

Altars:
Kikubaaqudgha
Okawaru
Trog
Xom
Yredelemnul

Shops:
D:4 /

Portals:
Bailey: D:11

Annotations:
D:8 Grum, Maurice


Innate Abilities, Weirdness & Mutations

You cannot wear most types of armour.
You are amphibious.
You can wear up to eight rings at the same time.*
((You can use your tentacles to constrict many enemies at once.))*
((Your skin changes colour to match your surroundings (Stlth).))*
((Your rubbery body absorbs attacks (AC +1).))*
((One of your tentacles bears a spike.))*
(You are partially covered in rough black scales (AC +4, Dex -1).)*
You can translocate small distances at will.
Your mind is acute. (Int +2)
You digest meat inefficiently.
You are resistant to hostile enchantments.
Your spells are harder to cast, but more powerful.
You evolve.


Message History

Okay, then.
Read which item? (? for menu, Esc to quit)
Okay, then.
Read which item? (? for menu, Esc to quit)
As you read the scroll of teleportation, it crumbles to dust.
You feel strangely unstable. The orc wizard closely misses you.
The orc shoots an arrow.
The arrow misses you.
Drink which item? (? for menu, Esc to quit)
Okay, then.
Casting: Spider Form
Confirm with . or Enter, or press ? or * to list all spells.
You turn into a venomous arachnid creature.
Your +2,+3 orcish halberd melds into your body.
The orc wizard gestures at you while chanting.
The puff of flame misses you. "Go forth and cause havoc, mortal!"
Magic courses through your body.
The orc priest invokes the aid of Beogh against you.
Something smites you!
You die...

..........()%.......%(.......c.(
.........>..(c(.......%.....c...
................................
............./..................
................................
####......######.oc......#######
###.....# ##oo...##### #
#####.....# #......# #
#...#.....# #s..#### #...#....##
#(..# #.........# #####
##........#### #...........#
#...........### ###...()).....#
##..........# #....#.....#


You could see a centaur, an orc priest, an orc wizard and an orc.

Vanquished Creatures
  A draconian (D:8)
  A feature mimic (D:7)
  An ugly thing (D:8)
  Grinder (D:5)
  A basilisk (D:11)
  A hill giant zombie (D:9)
  3 necrophages
  A hippogriff (D:9)
  A wolf (D:9)
  A soldier ant (D:11)
  Edmund (D:8)
  3 manticores
  5 orc warriors
  2 black bears (D:11)
  2 sky beasts
  2 ice beasts
  A swamp drake (D:9)
  A yellow wasp (D:8)
  3 ogres
  6 phantoms
  7 centaurs
  Duvessa (D:8)
  2 crocodiles (D:9)
  5 giant frogs
  2 water moccasins
  3 wights (D:7)
  6 crimson imps
  Dowan (D:8)
  2 orc priests
  A centaur zombie (D:5)
  2 goliath beetles
  A giant frog zombie (D:5)
  5 jellies
  A yellow wasp zombie (D:9)
  7 orc wizards
  6 hounds
  4 scorpions
  An orange rat (D:7)
  7 worker ants
  5 iguanas
  A sky beast zombie (D:8)
  A mottled dragon zombie (D:8)
  An ogre zombie (D:9)
  A mummy (D:11)
  8 adders
  5 gnolls
  3 green rats (D:7)
  3 giant mites
  A white imp (D:3)
  3 worms
  4 grey rats (D:7)
  6 giant geckos
  2 oozes
  40 orcs
  18 bats
  13 hobgoblins
  4 jackals (D:3)
  8 quokkas
  3 giant cockroaches
  A giant eyeball (D:4)
  6 giant newts
  A giant spore (D:10)
  14 goblins
  12 kobolds
  A kobold skeleton (D:5)
  A quokka zombie (D:5)
  19 rats
  A rat zombie (D:8)
288 creatures vanquished.

Vanquished Creatures (collateral kills)
  A ball lightning (D:8)
  2 hill giants (D:10)
  A cyclops (D:9)
  A wyvern (D:10)
  A black bear (D:6)
  A centaur (D:9)
  2 wights (D:7)
  2 crimson imps (D:10)
  An orc priest (D:9)
  An ogre skeleton (D:10)
  A gnoll (D:6)
  A worm (D:6)
  An adder skeleton (D:9)
  An orc (D:3)
  A hobgoblin (D:6)
  A quokka (D:6)
19 creatures vanquished.

Vanquished Creatures (others)
  2 ball lightnings (D:8)
  5 shadows
  A human (D:8)
  An iron imp (D:9)
  A quasit (D:10)
  A gnoll (D:6)
  A lemure (D:9)
  A shadow imp (D:9)
  An ufetubus (D:10)
14 creatures vanquished.

Grand Total: 321 creatures vanquished

Notes
Turn   | Place    | Note
--------------------------------------------------------------
     0 | D:1      | M4edhros, the Octopode Chaos Knight, began the quest for the Orb.
     0 | D:1      | Reached XP level 1. HP: 16/16 MP: 1/1
   157 | D:1      | XOM: potion effect (brilliance)
   245 | D:1      | Reached XP level 2. HP: 17/21 MP: 2/2
   604 | D:2      | XOM: potion effect (agility)
   609 | D:2      | Reached skill level 4 in Polearms
   609 | D:2      | Reached XP level 3. HP: 18/26 MP: 3/3
   995 | D:2      | Reached XP level 4. HP: 22/31 MP: 4/4
  1340 | D:3      | XOM: mild Fire miscast
  1456 | D:2      | Reached skill level 5 in Polearms
  1946 | D:3      | XOM: potion effect (speed)
  1947 | D:3      | XOM: summons friendly lemure
  1953 | D:3      | Reached XP level 5. HP: 36/36 MP: 5/5
  1977 | D:3      | XOM: polymorph lemure -> crimson imp
  1987 | D:3      | XOM: mild Summ miscast
  2409 | D:4      | Noticed a phantom
  2416 | D:4      | Paralysed by a giant eyeball for 4 turns
  2418 | D:4      | XOM: cast spell 'Lethal Infusion'
  2428 | D:4      | Killed a phantom
  2428 | D:4      | Reached skill level 6 in Polearms
  2428 | D:4      | Reached XP level 6. HP: 16/42 MP: 6/6
  2556 | D:4      | XOM: divination: detect creatures
  2611 | D:4      | Got a twisted flail
  2642 | D:4      | Noticed a phantom
  2666 | D:4      | Killed a phantom
  2707 | D:4      | Found Marostar's Magical Wand Shop.
  3076 | D:5      | Entered Level 5 of the Dungeon
  3129 | D:5      | XOM: mild Necr miscast
  3139 | D:5      | Reached XP level 7. HP: 44/46 MP: 7/7
  3334 | D:5      | Reached skill level 7 in Polearms
  3460 | D:5      | XOM: divination: detect items
  3726 | D:5      | Noticed Grinder
  3738 | D:5      | Killed Grinder
  3738 | D:5      | Reached skill level 8 in Polearms
  3738 | D:5      | Reached skill level 5 in Dodging
  3738 | D:5      | Reached XP level 8. HP: 35/52 MP: 8/8
  4076 | D:6      | XOM: divination: detect items
  4265 | D:6      | XOM: mild Ice miscast
  4347 | D:6      | XOM: enchant monster (bad)
  4546 | D:5      | XOM: give mutations
  4546 | D:5      | Gained mutation: You can translocate small distances at will. [Xom's grace]
  4546 | D:5      | Gained mutation: One of your tentacles bears a spike. [Xom's grace]
  4546 | D:5      | Gained mutation: One of your tentacles bears a nasty spike. [Xom's grace]
  4546 | D:5      | Gained mutation: You are resistant to hostile enchantments. [Xom's grace]
  4661 | D:6      | XOM: confuse monster(s)
  4664 | D:6      | XOM: confusion
  4786 | D:6      | Reached skill level 9 in Polearms
  4807 | D:6      | XOM: inner flame monster(s)
  5164 | D:7      | Reached XP level 9. HP: 56/56 MP: 9/9
  5247 | D:7      | Reached skill level 10 in Polearms
  5254 | D:7      | Paralysed by a potion of paralysis for 6 turns
  5262 | D:7      | Gained mutation: You digest meat inefficiently. [potion of mutation]
  5262 | D:7      | Lost mutation: One of your tentacles bears a nasty spike. [potion of mutation]
  5262 | D:7      | Gained mutation: You are partially covered in rough black scales (AC +4, Dex -1). [potion of mutation]
  5347 | D:7      | Learned a level 3 spell: Spider Form
  5391 | D:7      | XOM: give mutations
  5391 | D:7      | Gained mutation: You can breathe flames. [Xom's grace]
  5391 | D:7      | Gained mutation: Your mind is acute. (Int +2) [Xom's grace]
  5391 | D:7      | Gained mutation: You evolve. [Xom's grace]
  5430 | D:7      | Reached skill level 1 in Poison Magic
  5454 | D:7      | Reached skill level 1 in Transmutations
  5701 | D:7      | XOM: confuse monster(s)
  5716 | D:7      | Killed a staircase mimic
  5867 | D:7      | XOM: summons 4 friendly demons
  5873 | D:7      | Upgraded the game from 0.14-a0-1546-g4b4961f to 0.14-a0-1570-g671a4b6
  5873 | D:7      | Identified the +8,+8 flail of Pride {elec, rF+} (You found it on level 4 of the Dungeon)
  5912 | D:7      | XOM: god gift: faintly glowing chain mail {god gift}
  5915 | D:7      | Got a faintly glowing chain mail {god gift}
  5916 | D:7      | Identified the cursed +0 chain mail "Cuomo" {Stlth++} (Xom gifted it to you on level 7 of the Dungeon)
  5999 | D:7      | Found a staircase to the Ecumenical Temple.
  6013 | D:7      | XOM: scenery: create altars
  6067 | D:7      | XOM: mild Hex miscast
  6108 | D:7      | XOM: god gift: 3 scrolls of blinking
  6228 | D:8      | XOM: summons friendly lemure
  6281 | D:8      | Noticed Edmund
  6290 | D:8      | Killed Edmund
  6321 | D:8      | Reached skill level 5 in Transmutations
  6420 | D:8      | Reached XP level 10. HP: 51/63 MP: 10/10
  6527 | D:8      | Noticed Maurice
  6529 | D:8      | Noticed Dowan
  6550 | D:8      | Killed Dowan
  6612 | D:8      | Noticed Duvessa
  6616 | D:8      | XOM: cast spell 'Death Channel'
  6635 | D:8      | Killed Duvessa
  6667 | D:8      | Noticed a draconian
  6667 | D:8      | a manticore changed into a draconian
  6667 | D:8      | XOM: polymorph manticore -> draconian
  6669 | D:8      | Your ally Duvessa died
  6851 | D:8      | XOM: enchant monster (good)
  6873 | D:8      | Killed a draconian
  7027 | D:8      | Identified the Tome of Beguiling (You found it on level 8 of the Dungeon)
  7109 | D:8      | XOM: god gift: 3 poisoned darts
  7161 | D:8      | Reached skill level 1 in Unarmed Combat
  7329 | D:8      | Found an iron altar of Okawaru.
  7329 | D:8      | Found a bloodstained altar of Trog.
  7369 | D:8      | XOM: god gift: choko
  7414 | D:8      | Found an ancient bone altar of Kikubaaqudgha.
  7623 | D:9      | XOM: cast spell 'Flight'
  7901 | D:9      | XOM: enchant monster (good)
  7919 | D:9      | Found a basalt altar of Yredelemnul.
  7929 | D:9      | XOM: give mutations
  7929 | D:9      | Gained mutation: Your spells are a little harder to cast, but a little more powerful. [Xom's grace]
  7929 | D:9      | Gained mutation: Your spells are harder to cast, but more powerful. [Xom's grace]
  7932 | D:9      | XOM: potion effect (agility)
  8132 | D:9      | XOM: vitrification
  8191 | D:9      | XOM: divination: detect creatures
  8245 | D:9      | Found a staircase to the Orcish Mines.
  8479 | D:9      | XOM: polymorph mottled dragon -> crocodile
  8480 | D:9      | Noticed Grum
  8500 | D:9      | XOM: summons 3 friendly demons
  8503 | D:9      | XOM: polymorph white imp -> iron imp
  8765 | D:8      | XOM: cast spell 'Conjure Ball Lightning'
  8813 | D:8      | Lost mutation: You can breathe flames. [mutagenic meat]
  8900 | D:8      | XOM: vitrification
  8902 | D:9      | XOM: cast spell 'Dispersal'
  8948 | D:9      | Reached skill level 10 in Dodging
  9071 | D:9      | Noticed a cyclops
  9071 | D:9      | XOM: enchant monster (good)
  9090 | D:9      | XOM: god gift: lantern of shadows
  9134 | D:9      | XOM: summons 5 friendly demons
  9147 | D:9      | Killed a cyclops
  9147 | D:9      | Reached XP level 11. HP: 27/67 MP: 11/11
  9670 | D:10     | Entered Level 10 of the Dungeon
  9734 | D:10     | XOM: summons 5 hostile shadow creatures
  9828 | D:10     | XOM: summons 11 friendly demons
  9838 | D:10     | Reached skill level 5 in Poison Magic
  9894 | D:10     | XOM: god gift: lantern of shadows
  9919 | D:10     | Noticed a hill giant
  9971 | D:10     | Killed a hill giant
 10088 | D:10     | XOM: colour smoke trail
 10092 | D:10     | Noticed a hill giant
 10092 | D:10     | XOM: blink monster(s)
 10162 | D:10     | Killed a hill giant
 10207 | D:10     | XOM: summons 4 friendly demons
 10255 | D:10     | XOM: colour smoke trail
 10536 | D:10     | XOM: cast spell 'Statue Form'
 10748 | D:11     | Noticed a centaur warrior
 10754 | D:11     | Found a staircase to the Lair.
 11084 | D:10     | XOM: silly message
 11105 | D:11     | XOM: harmless Divn miscast
 11106 | D:11     | XOM: potion effect (invisibility)
 11119 | D:11     | XOM: harmless Ice miscast
 11216 | D:11     | XOM: cast spell 'Cause Fear'
 11256 | D:11     | Found a flagged portal.
 11381 | D:11     | XOM: potion effect (magic)
 11381 | D:11     | Killed from afar by an orc priest

Action                   |  1- 3 |  4- 6 |  7- 9 | 10-12 || total
-------------------------+-------+-------+-------+-------++-------
Melee: Spear             |    38 |    72 |   225 |   385 ||   720
       Trident           |    27 |    95 |   159 |       ||   281
       Unarmed           |       |       |    22 |    32 ||    54
       Halberd           |       |       |       |   116 ||   116
       Flail             |       |       |       |     6 ||     6
 Cast: Spider Form       |       |       |     2 |     7 ||     9
 Abil: Breathe Fire      |       |       |     1 |     3 ||     4
       End Transformatio |       |       |       |     3 ||     3
       Blink             |       |       |       |     1 ||     1
Evoke: Wand              |       |       |    16 |    24 ||    40
  Use: Potion            |     2 |     3 |    12 |     6 ||    23
       Scroll            |       |    12 |     7 |     7 ||    26
 Stab: Sleeping          |     5 |     6 |     7 |     4 ||    22
       Paralysed         |       |       |     8 |     6 ||    14
       Confused          |       |       |     1 |     3 ||     4
       Distracted        |       |       |     1 |     2 ||     3
       Invisible         |       |       |       |     6 ||     6
